 Dungeon Crawl Stone Soup version 0.21-a0-111-g52d2817 (webtiles) character file.

2188 sagitran the Cudgeler (level 9, 70/70 HPs)
             Began as a Demonspawn Abyssal Knight on July 11, 2017.
             Was a Priest of Lugonu.
             Starved to death
             ... on level 8 of the Dungeon.
             The game lasted 00:38:29 (9843 turns).

sagitran the Cudgeler (Demonspawn Abyssal Knight)   Turns: 9843, Time: 00:38:30

Health: 70/70      AC:  8    Str: 15    XL:     9   Next: 12%
Magic:  20/20      EV: 12    Int: 16    God:    Lugonu [***...]
Gold:   260        SH:  0    Dex: 13    Spells: 4/8 levels left

rFire    . . .     SeeInvis .   k - +2 mace of Dishonour {pain, rElec} (curse)
rCold    . . .     Gourm    .   (no shield)
rNeg     . . .     Faith    .   v - +0 ring mail {MR+}
rPois    +         Spirit   +   (helmet restricted)
rElec    +         Reflect  .   (no cloak)
rCorr    .         Harm     .   (no gloves)
MR       +....     Rnd*Tele +   i - +0 pair of boots
Stlth    ++........             (no amulet)
HPRegen  0.21/turn              p - ring of poison resistance
MPRegen  0.34/turn              q - ring of magical power

@: fainting, drained
A: antennae 2, rugged brown scales 1, camouflage 1, clever 1, teleportitis 1,
magic shield, magic regeneration
a: Depart the Abyss, Bend Space, Banish, Renounce Religion


You were on level 8 of the Dungeon.
You worshipped Lugonu.
Lugonu was most pleased with you.
You were fainting.

You visited 2 branches of the dungeon, and saw 9 of its levels.
You visited the Abyss 1 time.

You collected 260 gold pieces.

Inventory:

Hand Weapons
 a - a +2 mace
 k - the cursed +2 mace of Dishonour (weapon) {pain, rElec}
   (You found it on level 6 of the Dungeon)

   In the hands of one skilled in necromantic magic, it inflicts extra damage on
   living creatures.
   It insulates you from electricity.
   It has a curse placed upon it.
 u - a +0 fustibalus
Missiles
 w - 19 stones (quivered)
Armour
 b - a +1 leather armour
 i - a +0 pair of boots (worn)
 v - a +0 ring mail of magic resistance (worn)
Jewellery
 p - a ring of poison resistance (left hand)
 q - a ring of magical power (right hand)
Wands
 j - a wand of disintegration (10/24)
 l - a wand of polymorph (15/24)
 o - a wand of flame (29/48)
Scrolls
 d - a scroll of recharging
 f - 4 scrolls of teleportation
 h - a scroll of identify
 s - a scroll of remove curse
Potions
 c - a potion of invisibility {unknown}
 m - a potion of haste
 n - a potion of resistance
 r - a potion of magic
 t - a potion of lignification {unknown}
Books
 e - a book of Misfortune

   Spells                             Type                      Level
   a - Confusing Touch                Hexes                        1
   b - Confuse                        Hexes                        3
   c - Gell's Gravitas                Translocation                3
   d - Petrify                        Transmutation/Earth          4
   e - Metabolic Englaciation         Hexes/Ice                    5
   f - Yara's Violent Unravelling     Hexes/Transmutation          5
 g - a book of Battle

   Spells                             Type                      Level
   a - Infusion                       Charms                       1
   b - Shroud of Golubria             Charms/Translocation         2
   c - Song of Slaying                Charms                       2
   d - Spectral Weapon                Hexes/Charms                 3
   e - Regeneration                   Charms/Necromancy            3


   Skills:
 + Level 5.5(5.1) Fighting
 + Level 7.5(7.0) Maces & Flails
 + Level 4.5(4.1) Armour
 + Level 4.5(4.1) Dodging
 + Level 2.4(2.0) Stealth
 * Level 1.5(1.1) Necromancy
 + Level 2.8(2.4) Invocations


You had 4 spell levels left.
You knew the following spells:

 Your Spells              Type           Power        Failure   Level  Hunger
a - Regeneration          Chrm/Necr      #.........   73%         3    ####...
b - Confusing Touch       Hex            #.....       43%         1    ##.....


Dungeon Overview and Level Annotations

Branches:
Dungeon (8/15)             Temple (1/1) D:6
   Lair: D:8-11

Altars:
Ashenzari
Cheibriados
Dithmenos
Elyvilon
Kikubaaqudgha
Makhleb
Nemelex Xobeh
Okawaru
Qazlal
Ru
Sif Muna
Trog
Vehumet
Wu Jian
Yredelemnul
The Shining One

Annotations:
D:8 Joseph


Innate Abilities, Weirdness & Mutations

You have a pair of antennae on your head.
You are partially covered in rugged brown scales. (AC +1, +3% HP)
When hurt, damage is shared between your health and your magic reserves.
You regenerate magic rapidly.
Your skin changes colour to match your surroundings (Stealth+).
Your mind is acute. (Int +2)
You are occasionally teleported next to monsters.


Message History

The hungry ghost hits you.
You feel slightly more hungry.
You miss the hungry ghost.
The hungry ghost is severely damaged.
The hungry ghost hits you.
You feel slightly more hungry.
You hit the hungry ghost but do no damage.
The hungry ghost is severely damaged.
The hungry ghost hits you.
You feel slightly more hungry.
You closely miss the hungry ghost.
The hungry ghost is severely damaged.
The hungry ghost hits you.
You feel slightly more hungry.
You barely miss the hungry ghost.
The hungry ghost is severely damaged.
The hungry ghost hits you.
You feel slightly more hungry.
You closely miss the hungry ghost.
The hungry ghost is severely damaged.
The hungry ghost hits you.
You closely miss the hungry ghost.
The hungry ghost is severely damaged.
You have starved to death.
You die...

####+########## ..
########.............. ...
#.....................
...#######..........<..........
..............)................
.......................<.......
...............................
.........................#+####
...............W@........#
...##############........# {
#........# #........#
#........# ....... .......
?......


You could see a hungry ghost.

Vanquished Creatures
  A yak (Temple)
  2 phantoms
  A black bear (D:6)
  4 ice beasts
  An ogre (D:4)
  3 bullfrogs
  A scorpion (D:5)
  6 wights
  3 howler monkeys
  A crimson imp (D:5)
  2 bullfrog zombies (D:7)
  A centaur skeleton (D:4)
  4 orc priests
  An iguana (D:5)
  Jessica (D:2)
  5 orc wizards
  4 worker ants
  3 gnolls (D:2)
  4 adders
  A shadow imp (D:7)
  A worm (D:3)
  4 dart slugs
  4 leopard geckos
  24 orcs
  7 bats
  9 giant cockroaches
  5 hobgoblins
  13 jackals
  A quokka (D:2)
  3 ball pythons
  5 frilled lizards
  8 goblins
  8 kobolds
  A leopard gecko skeleton (D:7)
  9 rats
151 creatures vanquished.

Notes
Turn   | Place    | Note
-------+----------+-------------------------------------------
     0 | Abyss:1  | sagitran the Demonspawn Abyssal Knight began the quest for the Orb.
     0 | Abyss:1  | Reached XP level 1. HP: 18/18 MP: 2/2
    34 | Abyss:1  | Noticed a small abomination
    43 | D:1      | Escaped the Abyss
   167 | D:1      | Reached skill level 2 in Maces & Flails
   169 | D:1      | Reached * piety under Lugonu
   169 | D:1      | Gained mutation: When hurt, damage is shared between your health and your magic reserves. [demonic ancestry]
   169 | D:1      | Reached XP level 2. HP: 18/24 MP: 3/3
   717 | D:1      | Reached XP level 3. HP: 16/29 MP: 3/5
  1180 | D:2      | Reached skill level 1 in Dodging
  1475 | D:2      | Found a glowing golden altar of the Shining One.
  1605 | D:2      | Gained mutation: You are partially covered in rugged brown scales. (AC +1, +3% HP) [demonic ancestry]
  1605 | D:2      | Reached XP level 4. HP: 16/36 MP: 3/6
  1611 | D:2      | Reached ** piety under Lugonu
  1663 | D:2      | Noticed Jessica
  1681 | D:2      | Killed Jessica
  1681 | D:2      | Reached skill level 3 in Maces & Flails
  2153 | D:3      | Reached XP level 5. HP: 34/43 MP: 7/7
  2307 | D:3      | Found a burning altar of Makhleb.
  3815 | D:4      | Reached skill level 1 in Stealth
  3864 | D:5      | Entered Level 5 of the Dungeon
  3932 | D:4      | Gained mutation: You have a pair of small antennae on your head. [demonic ancestry]
  3932 | D:4      | Reached XP level 6. HP: 36/49 MP: 4/8
  4006 | D:4      | Reached skill level 4 in Maces & Flails
  4557 | D:5      | Found a radiant altar of Vehumet.
  4558 | D:5      | Found an ancient bone altar of Kikubaaqudgha.
  4846 | D:5      | Reached *** piety under Lugonu
  4846 | D:5      | Gained mutation: You regenerate magic rapidly. [demonic ancestry]
  4846 | D:5      | Reached XP level 7. HP: 9/55 MP: 3/9
  5377 | D:5      | Found a white marble altar of Elyvilon.
  5496 | D:5      | Reached skill level 5 in Maces & Flails
  5586 | D:5      | Found a sacrificial altar of Ru.
  6057 | D:6      | Reached skill level 6 in Maces & Flails
  6301 | D:6      | HP: 2/56 [wight/enchanted spear (1)]
  6356 | D:6      | Reached XP level 8. HP: 17/62 MP: 10/10
  6684 | D:6      | Found a staircase to the Ecumenical Temple.
  6969 | D:6      | Reached skill level 5 in Fighting
  7264 | D:7      | Learned a level 3 spell: Regeneration
  7266 | D:7      | Learned a level 1 spell: Confusing Touch
  7644 | D:7      | Reached skill level 7 in Maces & Flails
  7655 | D:7      | Gained mutation: You are occasionally teleported next to monsters. [potion of mutation]
  7655 | D:7      | Gained mutation: Your skin changes colour to match your surroundings (Stealth+). [potion of mutation]
  7655 | D:7      | Gained mutation: Your mind is acute. (Int +2) [potion of mutation]
  8004 | D:6      | Got a brightly glowing mace
  8005 | D:6      | Identified the cursed +2 mace of Dishonour {pain, rElec} (You found it on level 6 of the Dungeon)
  8079 | D:6      | Found an iron altar of Okawaru.
  8627 | D:8      | Noticed Joseph
  8944 | D:6      | Gained mutation: You have a pair of antennae on your head. [demonic ancestry]
  8944 | D:6      | Reached XP level 9. HP: 59/70 MP: 11/11
  9080 | Temple   | Entered the Ecumenical Temple
  9093 | Temple   | Reached skill level 1 in Necromancy
  9843 | D:8      | Starved to death

Vault maps used:
D:1:      nicolae_arrival_washed_ashore, minmay_misc_feat_columns
D:2:      lemuel_crystal_altar, first_bread, minmay_misc_feat_chi, uniq_jessica
D:3:      lemuel_crystal_altar, serial_bayou_ford_a, kennysheep_flooded_box
D:4:      hangedman_decor_clover_reticule
D:5:      lemuel_crystal_altar, chequers_temple_overflow_statue_of_worship,
          nicolae_ru_sacrificial_ziggurat
D:6:      okawaru_trees_2, minmay_temple_entry_crystal_x
D:8:      serial_shops, shop_statue, uniq_joseph, uniq_maurice
Temple:   nicolae_temple_great_sept

Skill      XL: |  1  2  3  4  5  6  7  8  9 |
---------------+----------------------------+-----
Armour         | 2 3 4 |  4.5
Maces & Flails | 2 3 4 6 7 |  7.5
Dodging        | 1 2 3 4 |  4.5
Stealth        | 1 2 |  2.4
Fighting       | 4 5 |  5.5
Necromancy     | 1 |  1.5
Invocations    | |  2.8

Action                   |  1- 3 |  4- 6 |  7- 9 || total
-------------------------+-------+-------+-------++-------
Melee: Mace              |    81 |   230 |   433 ||   744
       Whip              |    70 |    26 |       ||    96
Invok: Depart the Abyss  |     1 |       |       ||     1
  Use: Scroll            |       |     6 |     7 ||    13
       Potion            |       |     6 |     4 ||    10
 Stab: Sleeping          |     1 |       |     3 ||     4
  Eat: Royal jelly       |     1 |     1 |     2 ||     4
       Bread ration      |     1 |     2 |     1 ||     4
       Meat ration       |       |       |     2 ||     2
Armor: Leather armour    |    46 |   108 |   109 ||   263
       Ring mail         |       |       |    33 ||    33
Dodge: Dodged            |    92 |   189 |   268 ||   549
